 Seeded DCSS version 0.30-a0-1043-g60ff8d5f49 (webtiles) character file.

Game seed: 10352460324943366261 (custom seed)

723 GigaChad the Shield-Bearer (level 8, -1/61 HPs)
             Began as a Formicid Fighter on Apr 11, 2023.
             Slain by a black bear (9 damage)
             ... on level 4 of the Dungeon.
             The game lasted 00:05:56 (4270 turns).

GigaChad the Shield-Bearer (Formicid Fighter)       Turns: 4270, Time: 00:05:56

Health: -1/61      AC:  8    Str: 31      XL:     8   Next: 2%
Magic:  8/8        EV:  9    Int:  9      God:
Gold:   275        SH:  9    Dex: 12 (13) Spells: 7/7 levels left

rFire   . . .      SeeInvis +    h - +2 broad axe (heavy)
rCold   . . .      Faith    .    l - +0 kite shield
rNeg    . . .      Spirit   .    b - +0 scale mail
rPois   +          Reflect  .    (helmet unavailable)
rElec   +          Rampage  .    (no cloak)
rCorr   .                        (no gloves)
Will    .....                    n - +0 pair of boots of the Blue Skies {rElec rPois Str+3} Stlth
                                 (no amulet)
HPRegen 0.30/turn                e - +6 ring of strength
MPRegen 0.11/turn                (no ring)

@: no status effects
A: permanent stasis, dig shafts and tunnels, antennae 3, four strong arms
a: Dig, Shaft Self


You were on level 4 of the Dungeon.
You visited 1 branch of the dungeon, and saw 5 of its levels.

You collected 275 gold pieces.

Inventory:

Hand Weapons
 a - a +1 war axe
 h - a +2 heavy broad axe (weapon)
Missiles
 s - 2 throwing nets
Armour
 b - a +0 scale mail (worn)
 c - a +0 buckler
 l - a +0 kite shield (worn)
 n - the +0 pair of boots of the Blue Skies (worn) {rElec rPois Str+3}
   (You acquired it on level 5 of the Dungeon)

   Str:       It affects your strength (+3).
   rElec:     It insulates you from electricity.
   rPois:     It protects you from poison.
Jewellery
 e - a +6 ring of strength (left hand)
 o - a ring of magical power
 p - a ring of positive energy
Wands
 t - a wand of mindburst (21)
 u - a wand of paralysis (9)
Scrolls
 f - a scroll of fear
 i - 5 scrolls of identify
 v - a scroll of teleportation {unknown}
Potions
 d - a potion of might
 g - a potion of degeneration {unknown}
 j - a potion of brilliance
 k - a potion of curing {unknown}
 m - a potion of flight {unknown}
 q - 3 potions of lignification {unknown}
 r - a potion of ambrosia {unknown}


   Skills:
 + Level 4.5 Fighting
 + Level 5.8 Axes
 + Level 5.4 Armour
 + Level 6.1 Shields


You had 7 spell levels left.
You didn't know any spells.
Your spell library contained the following spells:

 Spells                   Type           Power      Damage    Failure   Level
 Kiss of Death            Conj/Necr      0%         2d5       86%         1
 Magic Dart               Conj           0%         1d3       86%         1
 Slow                     Hex            0%         N/A       86%         1
 Cigotuvi's Dreadful Rot  Necr/Pois/Air  0%         N/A       95%         2
 Searing Ray              Conj           0%         2d4       95%         2
 Confusing Touch          Hex            0%         N/A       99%         3
 Ignite Poison            Fire/Tmut/Pois 0%         N/A       99%         3
 Vampiric Draining        Necr           0%         2d6       99%         3
 Dispel Undead            Necr           0%         3d6       100%        4
 Fulminant Prism          Conj/Hex       0%         3d5       100%        4
 Manifold Assault         Tloc           0%         N/A       100%        4
 Freezing Cloud           Conj/Ice/Air   0%         6-21      100%        5
 Storm Form               Tmut/Air       0%         N/A       100%        7
 Blink                    Tloc           Unusable   N/A       N/A         2

Dungeon Overview and Level Annotations

Branches:
Dungeon (5/15)             Temple (0/1) D:5

Altars:
The Shining One

Shops:
D:1 [

Annotations:
D:2 1 runed translucent door, Crazy Yiuf, Jessica


Innate Abilities, Weirdness & Mutations

You cannot be hasted, slowed, berserked, paralysed or teleported.
You can dig through walls and to a lower floor.
You have a pair of large antennae on your head. (SInv)
Your four strong arms can wield two-handed weapons with a shield.


Message History

You open the door.
There is an open door here.
i - 5 scrolls of identify (gained 1)
A black bear comes into view.
The black bear growls angrily.
A black bear is nearby!
A black bear is nearby!
A black bear is nearby!
Unknown command.
Unknown command.
The black bear bites you but does no damage.
The black bear claws you. The black bear barely misses you.
Unknown command.
You barely miss the black bear. The black bear barely misses you.
The black bear claws you but does no damage.
The black bear claws you. The black bear closely misses you.
The black bear claws you. The black bear barely misses you.
You slice the black bear!!
The black bear is severely wounded.
You block the black bear's attack. x3; The black bear goes berserk!
You hit the black bear.
The black bear is almost dead.
The black bear barely misses you. x2; The black bear closely misses you. x2
The black bear claws you. x2; The black bear bites you!
The black bear claws you.
The black bear claws you but does no damage.
You barely miss the black bear.
The black bear is almost dead.
The black bear bites you. The black bear claws you.
The black bear claws you but does no damage.
The black bear bites you! You block the black bear's attack. x2
The black bear bites you!
* * * LOW HITPOINT WARNING * * *
You block the black bear's attack. The black bear claws you.
* * * LOW HITPOINT WARNING * * *
You closely miss the black bear.
The black bear is almost dead.
The black bear completely misses you. You block the black bear's attack. x2
The black bear bites you!
You die...

#.......
#################.......
#..............##......†
#..............##......†
................'.......
...............##.......
...............#######.#
...............# #.#
......h@.......#######<#
.........#....###.......
................#.......
#........#......#.......
#........#..............
........##....##........
........##....##........
........##....##........
.... #....###.......


You could see a black bear (berserk).

Vanquished Creatures
  An ogre (D:5)
  A centaur (D:5)
  Blork the orc (D:4)
  A quasit (D:5)
  An orc priest (D:5)
  A hound (D:3)
  A sleepcap (D:4)
  3 iguanas
  4 orc wizards
  4 gnolls
  7 adders
  A white imp (D:5)
  A worm (D:2)
  A dart slug (D:1)
  10 orcs
  8 ball pythons
  8 endoplasms
  2 hobgoblins
  7 jackals
  7 kobolds
  2 quokkas
  5 bats
  3 frilled lizards (D:1)
  4 goblins
  2 hobgoblin zombies (D:5)
  A kobold skeleton (D:5)
  A kobold zombie (D:5)
  3 rats
91 creatures vanquished.

Vanquished Creatures (others)
  8 plants (D:1)
8 creatures vanquished.

Grand Total: 99 creatures vanquished

Notes
Turn   | Place    | Note
-------+----------+-------------------------------------------
     0 | D:1      | GigaChad the Formicid Fighter began the quest for the Orb.
     0 | D:1      | Reached XP level 1. HP: 18/18 MP: 1/1
    68 | D:1      | Found a faded altar of an unknown god.
   124 | D:1      | Reached XP level 2. HP: 24/24 MP: 2/2
   253 | D:1      | Found Huege's Antique Armour Shoppe.
   295 | D:1      | Reached XP level 3. HP: 24/29 MP: 3/3
   991 | D:2      | Reached XP level 4. HP: 15/36 MP: 4/4
  1376 | D:2      | Found a runed translucent door.
  1376 | D:2      | Noticed Jessica
  1377 | D:2      | Noticed Crazy Yiuf
  1404 | D:2      | Reached skill level 5 in Shields
  1593 | D:2      | Reached XP level 5. HP: 42/42 MP: 5/5
  2310 | D:3      | Reached XP level 6. HP: 48/48 MP: 6/6
  2337 | D:3      | Noticed an ogre
  2344 | D:3      | You fall into a shaft and drop 2 floors!
  2344 | D:5      | Entered Level 5 of the Dungeon
  2812 | D:5      | Found a staircase to the Ecumenical Temple.
  3116 | D:5      | Noticed an ogre
  3127 | D:5      | Killed an ogre
  3133 | D:5      | Reached XP level 7. HP: 33/54 MP: 7/7
  3156 | D:5      | Reached skill level 5 in Axes
  3652 | D:5      | Found a glowing golden altar of the Shining One.
  3801 | D:5      | Identified 2 scrolls of acquirement
  3801 | D:5      | Acquired the +0 pair of boots of the Blue Skies {rElec
                  | rPois Str+3}
  3818 | D:5      | Reached skill level 5 in Armour
  3823 | D:5      | Acquired a +2 heavy broad axe
  4003 | D:5      | Reached skill level 6 in Shields
  4145 | D:4      | Noticed Blork the orc
  4150 | D:4      | Killed Blork the orc
  4154 | D:4      | Reached XP level 8. HP: 57/61 MP: 8/8
  4270 | D:4      | Slain by a black bear

Illustrated notes

Levels and vault maps discovered:
D:1:      roderic_crop_circles_arrival_large, layout_basic,
          dreamdust_ecumenical_altar_grove, serial_shops, shop, st_stairs_6
D:2:      layout_loops_ring, uniq_crazy_yiuf_cottage, uniq_jessica
D:3:      layout_loops_corners
D:4:      layout_basic, kennysheep_minor_cross, chequers_serial_rivers_large_b,
          uniq_blork_the_orc
D:5:      layout_gridville, nicolae_tso_besieged_by_evil, temple_green,
          serial_park_tiny_1, chequers_serial_rivers_marsh

Skill      XL: |  1  2  3  4  5  6  7 |
---------------+----------------------+-----
Axes           | 3 4 5 |  5.8
Shields        | 5 6 |  6.1
Armour         | 4 5 |  5.4
Fighting       | 4 |  4.5

Action                     |  1- 3 |  4- 6 |  7- 9 || total
---------------------------+-------+-------+-------++-------
  Melee: War axe           |    96 |   105 |    35 ||   236
         Broad axe         |       |       |    25 ||    25
Ability: Shaft Self        |       |     1 |       ||     1
    Use: Scroll            |       |     6 |     4 ||    10
 Armour: Scale mail        |    55 |    58 |    36 ||   149
  Dodge: Dodged            |    38 |    41 |    50 ||   129
  Block: Buckler           |    14 |       |       ||    14
         Kite shield       |    31 |    61 |    49 ||   141

Table legend: (Time is in decaauts)
 A = Elapsed time spent in this place.
 B = Non-inter-level travel time spent in this place.
 C = Inter-level travel time spent in this place.
 D = Time resting spent in this place.
 E = Time spent auto-exploring this place.
 F = Levels seen in this place.
 G = Mean time per level.
                   A        B        C        D        E       F      G
               +--------+--------+--------+--------+--------+-----+--------+
         Total |   4400 |   4306 |     94 |   1652 |   1680 |   5 |  880.0 |
       Dungeon |   4400 |   4306 |     94 |   1652 |   1680 |   5 |  880.0 |
               +--------+--------+--------+--------+--------+-----+--------+

Top non-repeatable levels by time:
     D:5: 1777 daAuts
     D:2: 915 daAuts
     D:1: 851 daAuts
     D:3: 659 daAuts
     D:4: 196 daAuts
